 Dungeon Crawl Stone Soup version 0.25-a0-822-g6581751b11 (webtiles) character file.

Game seed: 8246915870707734995, levelgen mode: deterministic

91 kae the Gusty (level 4, -2/24 HPs)
             Began as a Tengu Air Elementalist on Apr 20, 2020.
             Killed from afar by Natasha (9 damage)
             ... with a magic dart
             ... on level 2 of the Dungeon.
             The game lasted 00:01:41 (2322 turns).

kae the Gusty (Tengu Air Elementalist)              Turns: 2322, Time: 00:01:41

Health: -2/24      AC:  2    Str:  8    XL:     4   Next: 57%
Magic:  0/9        EV: 13    Int: 16    God:
Gold:   56         SH:  0    Dex: 15    Spells: 7/8 levels left

rFire    . . .     SeeInvis .   (no weapon)
rCold    . . .     Gourm    .   (no shield)
rNeg     . . .     Faith    .   a - +0 robe
rPois    .         Spirit   .   (helmet restricted)
rElec    .         Reflect  .   (no cloak)
rCorr    .         Harm     .   (no gloves)
MR       .....                  (boots unavailable)
Stlth    ++........             (no amulet)
HPRegen  0.08/turn              (no ring)
MPRegen  0.11/turn              (no ring)

@: invisible
A: beak, talons 3
a: no special abilities


You were on level 2 of the Dungeon.
You were hungry.

You visited 1 branch of the dungeon, and saw 2 of its levels.

You collected 56 gold pieces.

Inventory:

Armour
 a - a +0 robe (worn)
Scrolls
 b - a scroll of fog {unknown}
 e - a scroll of magic mapping {unknown}
 f - a scroll of identify
Potions
 d - a potion of haste
 i - a potion of mutation {unknown}
Comestibles
 c - 5 rations


   Skills:
 - Level 2.1 Dodging
 - Level 2.0 Stealth
 + Level 2.7 Spellcasting
 * Level 4.1 Conjurations
 + Level 4.8 Air Magic


You had 7 spell levels left.
You knew the following spells:

 Your Spells              Type           Power        Failure   Level  Hunger
a - Shock                 Conj/Air       ###.         3%          1    #......

Your spell library contained the following spells:

 Spells                   Type           Power        Failure   Level  Hunger
 Static Discharge         Conj/Air       ###.....     9%          3    ###....
 Swiftness                Chrm/Air       #.......     11%         2    ##.....
 Airstrike                Air            ###.......   26%         4    #####..
 Lightning Bolt           Conj/Air       ###.......   63%         5    ######.


Dungeon Overview and Level Annotations

Branches:
Dungeon (2/15)

Altars:

Annotations:
D:2 Natasha


Innate Abilities, Weirdness & Mutations

You have a beak for a mouth.
You have claws for feet.


Message History

Casting: Shock (safe; 3% risk of failure)
Confirm with . or Enter, or press ? or * to list all spells.
Aiming: Shock (safe; 3% risk of failure)
Press: ? - help, Shift-Dir - straight line, f/p - Natasha
Aim: Natasha (almost dead)
The zap misses Natasha.
Natasha mumbles some strange words.
Natasha shimmers violently.
The white imp puffs mist at you.
Casting: Shock (safe; 3% risk of failure)
Confirm with . or Enter, or press ? or * to list all spells.
You don't have enough magic to cast that spell.
Casting: Shock (safe; 3% risk of failure)
Confirm with . or Enter, or press ? or * to list all spells.
You don't have enough magic to cast that spell.
There are monsters nearby!
It was a potion of invisibility.
You fade into invisibility!
Natasha casts a spell at you. The magic dart hits you!
You die...

... ... .. #5#
#.. #g# #..##
##.### #.#. ....
#...####h##
.#†..@...#
#..#..##5.#
#.##..#..##
#.###.#..(#
#####.###.....##
#................
#.....#####......
. #####.##
#.....#...# #..##
#...#.#...#


You could see Natasha and a crimson imp.

Vanquished Creatures
  Robin (D:2)
  2 adders (D:1)
  3 worms
  3 dart slugs (D:1)
  A leopard gecko (D:1)
  3 bats (D:1)
  A giant cockroach (D:1)
  8 hobgoblins
  5 kobolds (D:1)
  A quokka (D:2)
  A ball python (D:1)
  2 frilled lizards (D:1)
  11 goblins
  4 rats (D:1)
46 creatures vanquished.

Notes
Turn   | Place    | Note
-------+----------+-------------------------------------------
     0 | D:1      | kae the Tengu Air Elementalist began the quest for the Orb.
     0 | D:1      | Reached XP level 1. HP: 10/10 MP: 4/4
   305 | D:1      | Reached XP level 2. HP: 15/15 MP: 0/6
   846 | D:1      | Reached XP level 3. HP: 19/19 MP: 1/7
  1334 | D:2      | Noticed Robin
  1793 | D:1      | Reached XP level 4. HP: 18/24 MP: 4/8
  2183 | D:2      | Killed Robin
  2309 | D:2      | Noticed Natasha
  2322 | D:2      | Killed from afar by Natasha

Levels and vault maps discovered:
D:1:      mainiacjoe_arrival_reflecting_pool, layout_basic,
          chequers_serial_rivers_micro_d, minmay_bisected
D:2:      layout_rooms, moated_statue, kennysheep_generic_room_6, uniq_natasha,
          uniq_robin

Skill      XL: |  1  2  3  4 |
---------------+-------------+-----
Conjurations   | 2 3 4 |  4.1
Dodging        | |  2.1
Stealth        | |  2.0
Spellcasting   | |  2.7
Air Magic      | |  4.8

Action                   |  1- 3 |  4- 6 || total
-------------------------+-------+-------++-------
Melee: Unarmed           |    12 |     7 ||    19
       Kick              |     3 |     2 ||     5
       Peck              |     2 |     1 ||     3
 Cast: Shock             |    68 |    40 ||   108
  Use: Scroll            |     2 |       ||     2
       Potion            |       |     2 ||     2
  Eat: Chunk             |     3 |     2 ||     5
Armor: Robe              |     8 |     3 ||    11
Dodge: Dodged            |    38 |    13 ||    51

Table legend:
 A = Non-vault XP
 B = Vault XP
 C = Vault XP percentage of total XP
 D = Non-vault monster count
 E = Vault monster count
 F = Vault count percentage of total count
                 A         B        C        D         E       F
            +---------+---------+-------+---------+---------+-------
      Total |      92 |      38 |  29.2 |      33 |      13 |  28.3
            +---------+---------+-------+---------+---------+-------
        D:1 |      78 |      20 |  20.4 |      29 |      11 |  27.5
        D:2 |      14 |      18 |  56.2 |       4 |       2 |  33.3
            +---------+---------+-------+---------+---------+-------
